[ AOE2 MATCH · #505628242 ]
UnrankedBulgarians vs Malians
Player's team · LOSS
Rival team · WIN
[ REPLAY ANALYSIS · EXTRACTED FROM THE RECORDED GAME ]
Feudal
8:54
Castle
23:19
Imperial
45:01
| APM avg | 70.9 |
| APM peak | 117 |
| eAPM avg | 39.5 |
| Villagers / military | 279 / 913 |
Focus
⚔️ 53.8% · 🌾 46.2%
Scout Cavalry ×411 · Spearman ×242 · Cavalry Archer ×169 · Battering Ram ×34 · Konnik ×19 · Knight ×16
Feudal
8:51
Castle
22:22
Imperial
40:33
| APM avg | 122.5 |
| APM peak | 193 |
| eAPM avg | 65.8 |
| Villagers / military | 294 / 774 |
Focus
⚔️ 76.9% · 🌾 23.1%
Scout Cavalry ×420 · Gbeto ×137 · Knight ×97 · Skirmisher ×43 · Battering Ram ×18 · Hand Cannoneer ×15
Match map
Initial resources + every placement click. Lines = walls · curves = elevation contours. ◆ gold · ⬟ stone · ● berries · ✦ relic · ◌ wall gap
Your base· Open — 4t gap
NOC | Mati's base· Open — 2t gap
Smoothed initial terrain · ◌ = detected wall gap · hover for details
Inputs per minute
— Don Vito - - NOC | Mati
Build order — Don Vito
First 150 of 1551 actions detected
| 0:03 | Queue | Villager (Male) |
| 0:04 | Queue | Villager (Male) |
| 0:04 | Queue | Villager (Male) |
| 0:04 | Queue | Villager (Male) |
| 0:05 | Build | House |
| 0:06 | Build | House |
| 1:33 | Queue | Villager (Male) |
| 1:59 | Queue | Villager (Male) |
| 2:07 | Build | Lumber Camp |
| 2:29 | Queue | Villager (Male) |
| 2:59 | Queue | Villager (Male) |
| 3:10 | Queue | Villager (Male) |
| 3:43 | Queue | Villager (Male) |
| 4:03 | Queue | Villager (Male) |
| 4:11 | Build | House |
| 4:27 | Queue | Villager (Male) |
| 4:55 | Queue | Villager (Male) |
| 5:13 | Build | Barracks |
| 5:16 | Queue | Villager (Male) |
| 5:40 | Build | House |
| 5:48 | Queue | Villager (Male) |
| 6:12 | Research | Loom |
| 6:44 | Research | Feudal Age |
| 6:56 | Queue | Militia |
| 7:11 | Queue | Militia |
| 7:18 | Build | Mill |
| 7:37 | Queue | Militia |
| 8:14 | Queue | Villager (Male) |
| 8:36 | Build | House |
| 8:37 | Build | House |
| 8:54 | Age | Feudal Age |
| 8:57 | Research | Double-Bit Axe |
| 8:58 | Research | Horse Collar |
| 9:01 | Build | Farm |
| 9:15 | Queue | Villager (Male) |
| 9:37 | Queue | Villager (Male) |
| 9:51 | Build | Farm |
| 9:59 | Queue | Villager (Male) |
| 10:10 | Build | Farm |
| 10:15 | Queue | Villager (Male) |
| 10:20 | Build | Farm |
| 10:32 | Queue | Villager (Male) |
| 11:01 | Build | Farm |
| 11:08 | Build | Farm |
| 11:10 | Queue | Villager (Male) |
| 11:27 | Build | Farm |
| 11:31 | Queue | Villager (Male) |
| 11:33 | Build | Archery Range |
| 12:02 | Queue | Villager (Male) |
| 12:14 | Build | House |
| 12:29 | Queue | Villager (Male) |
| 12:42 | Queue | Villager (Male) |
| 12:52 | Queue | Skirmisher |
| 12:52 | Queue | Skirmisher |
| 13:00 | Build | Farm |
| 13:06 | Build | Stable |
| 13:08 | Build | House |
| 13:31 | Queue | Villager (Male) |
| 13:32 | Queue | Skirmisher |
| 13:49 | Queue | Villager (Male) |
| 14:05 | Queue | Scout Cavalry |
| 14:09 | Build | Mining Camp |
| 14:09 | Queue | Villager (Male) |
| 14:13 | Queue | Skirmisher |
| 14:16 | Queue | Scout Cavalry |
| 14:18 | Queue | Skirmisher |
| 14:22 | Queue | Villager (Male) |
| 14:34 | Queue | Villager (Male) |
| 14:39 | Build | Blacksmith |
| 14:43 | Queue | Scout Cavalry |
| 14:48 | Queue | Villager (Male) |
| 15:00 | Queue | Skirmisher |
| 15:04 | Queue | Villager (Male) |
| 15:06 | Build | Farm |
| 15:09 | Queue | Skirmisher |
| 15:26 | Build | House |
| 15:27 | Build | House |
| 15:30 | Queue | Skirmisher |
| 15:31 | Queue | Scout Cavalry |
| 15:37 | Build | Farm |
| 16:10 | Queue | Villager (Male) |
| 16:19 | Queue | Villager (Male) |
| 16:21 | Queue | Scout Cavalry |
| 16:24 | Research | Forging |
| 16:24 | Research | Scale Barding Armor |
| 16:30 | Queue | Villager (Male) |
| 16:41 | Queue | Scout Cavalry |
| 16:45 | Build | House |
| 16:47 | Build | Farm |
| 16:50 | Queue | Skirmisher |
| 16:57 | Build | Farm |
| 16:58 | Build | Farm |
| 16:59 | Build | Farm |
| 17:10 | Queue | Villager (Male) |
| 17:20 | Queue | Scout Cavalry |
| 17:20 | Queue | Skirmisher |
| 17:51 | Build | Farm |
| 17:52 | Build | Farm |
| 17:53 | Queue | Villager (Male) |
| 17:57 | Build | Farm |
| 18:00 | Research | Bloodlines |
| 18:01 | Queue | Skirmisher |
| 18:03 | Queue | Villager (Male) |
| 18:08 | Build | Farm |
| 18:12 | Build | Farm |
| 18:25 | Queue | Spearman |
| 18:30 | Build | Farm |
| 18:40 | Build | House |
| 18:41 | Build | House |
| 18:49 | Queue | Spearman |
| 18:52 | Queue | Villager (Male) |
| 18:57 | Build | Farm |
| 19:06 | Queue | Villager (Male) |
| 19:28 | Queue | Villager (Male) |
| 19:55 | Research | Fletching |
| 20:14 | Queue | Villager (Male) |
| 20:26 | Queue | Villager (Male) |
| 20:34 | Research | Castle Age |
| 20:38 | Queue | Skirmisher |
| 20:41 | Build | Archery Range |
| 20:50 | Research | Padded Archer Armor |
| 20:53 | Queue | Scout Cavalry |
| 20:58 | Build | Archery Range |
| 21:17 | Queue | Spearman |
| 21:21 | Queue | Scout Cavalry |
| 21:29 | Queue | Skirmisher |
| 21:32 | Queue | Scout Cavalry |
| 21:34 | Build | Farm |
| 21:40 | Build | Mill |
| 21:51 | Queue | Scout Cavalry |
| 21:53 | Queue | Skirmisher |
| 22:02 | Build | House |
| 22:27 | Queue | Villager (Male) |
| 23:04 | Queue | Villager (Male) |
| 23:14 | Build | Lumber Camp |
| 23:18 | Build | Palisade Wall |
| 23:19 | Age | Castle Age |
| 23:22 | Research | Bodkin Arrow |
| 23:23 | Research | Light Cavalry (upgrade) |
| 23:24 | Research | Husbandry |
| 23:24 | Queue | Cavalry Archer |
| 23:28 | Research | Chain Barding Armor |
| 23:30 | Queue | Cavalry Archer |
| 23:31 | Queue | Knight |
| 23:32 | Queue | Knight |
| 23:35 | Build | Palisade Wall |
| 23:36 | Build | Palisade Wall |
| 23:51 | Queue | Cavalry Archer |
| 23:51 | Queue | Cavalry Archer |
| 23:59 | Queue | Villager (Male) |
Build order — NOC | Mati
First 150 of 1376 actions detected
| 0:00 | Queue | Villager (Male) ×4 |
| 0:02 | Build | House |
| 0:03 | Build | House |
| 1:29 | Queue | Villager (Male) |
| 1:43 | Build | Lumber Camp |
| 1:53 | Queue | Villager (Male) |
| 2:14 | Queue | Villager (Male) |
| 2:41 | Queue | Villager (Male) |
| 3:00 | Build | House |
| 3:04 | Queue | Villager (Male) |
| 3:31 | Build | Mill |
| 3:37 | Queue | Villager (Male) ×2 |
| 4:12 | Queue | Villager (Male) |
| 4:39 | Queue | Villager (Male) |
| 4:42 | Queue | Villager (Male) |
| 4:58 | Queue | Villager (Male) |
| 5:29 | Research | Loom |
| 5:45 | Build | House |
| 6:36 | Research | Feudal Age |
| 6:53 | Build | Barracks |
| 7:11 | Queue | Villager (Male) |
| 7:47 | Build | House |
| 7:49 | Build | Palisade Wall |
| 7:49 | Build | Palisade Wall |
| 7:51 | Build | Palisade Wall |
| 7:51 | Build | Palisade Wall |
| 7:55 | Build | Palisade Wall |
| 7:56 | Build | Palisade Wall |
| 8:00 | Build | Palisade Wall |
| 8:18 | Queue | Villager (Male) |
| 8:35 | Queue | Villager (Male) |
| 8:51 | Age | Feudal Age |
| 8:54 | Build | Archery Range |
| 8:57 | Research | Double-Bit Axe |
| 9:07 | Queue | Spearman |
| 9:11 | Queue | Villager (Male) |
| 9:28 | Queue | Villager (Male) |
| 9:33 | Queue | Villager (Male) |
| 9:36 | Queue | Skirmisher |
| 9:36 | Queue | Skirmisher |
| 9:47 | Build | Blacksmith |
| 9:59 | Queue | Skirmisher |
| 10:00 | Queue | Villager (Male) |
| 10:24 | Queue | Villager (Male) |
| 10:29 | Build | House |
| 10:35 | Research | Fletching |
| 10:39 | Build | House |
| 10:50 | Queue | Skirmisher |
| 10:53 | Queue | Villager (Male) |
| 11:04 | Queue | Skirmisher |
| 11:09 | Queue | Villager (Male) |
| 11:11 | Build | Farm |
| 11:11 | Build | Farm |
| 11:17 | Queue | Skirmisher |
| 11:28 | Build | Farm |
| 11:41 | Build | Palisade Wall |
| 11:46 | Queue | Villager (Male) |
| 11:50 | Build | Farm |
| 11:51 | Queue | Villager (Male) |
| 11:59 | Queue | Skirmisher |
| 12:06 | Queue | Villager (Male) |
| 12:10 | Queue | Skirmisher |
| 12:22 | Queue | Villager (Male) |
| 12:54 | Queue | Villager (Male) |
| 13:07 | Build | Stable |
| 13:16 | Queue | Villager (Male) |
| 13:18 | Build | Farm |
| 13:23 | Build | Farm |
| 13:36 | Queue | Villager (Male) |
| 13:38 | Build | Farm |
| 13:54 | Queue | Villager (Male) |
| 13:56 | Build | Farm |
| 14:08 | Build | House |
| 14:17 | Build | Mining Camp |
| 14:22 | Queue | Scout Cavalry |
| 14:22 | Queue | Scout Cavalry |
| 14:28 | Queue | Scout Cavalry |
| 14:29 | Queue | Villager (Male) |
| 14:31 | Build | Farm |
| 14:40 | Build | House |
| 14:52 | Build | Farm |
| 15:00 | Build | House |
| 15:05 | Build | Palisade Wall |
| 15:24 | Build | Farm |
| 15:28 | Build | Farm |
| 15:46 | Build | House |
| 15:46 | Build | House |
| 16:16 | Queue | Scout Cavalry |
| 16:18 | Queue | Villager (Male) |
| 16:19 | Queue | Scout Cavalry |
| 16:39 | Queue | Scout Cavalry |
| 16:39 | Queue | Skirmisher |
| 16:50 | Queue | Spearman |
| 16:51 | Queue | Scout Cavalry |
| 16:58 | Queue | Skirmisher |
| 16:59 | Queue | Villager (Male) |
| 17:08 | Queue | Skirmisher |
| 17:23 | Queue | Scout Cavalry |
| 17:31 | Queue | Spearman |
| 17:31 | Queue | Skirmisher |
| 17:32 | Queue | Villager (Male) |
| 17:34 | Build | Farm |
| 17:34 | Build | Farm |
| 17:35 | Build | Farm |
| 17:35 | Build | Farm |
| 17:44 | Build | Watch Tower |
| 17:47 | Queue | Scout Cavalry |
| 17:51 | Queue | Skirmisher |
| 17:52 | Queue | Villager (Male) |
| 17:54 | Build | Farm |
| 18:12 | Build | House |
| 18:13 | Build | House |
| 18:14 | Build | House |
| 18:22 | Build | Farm |
| 18:31 | Queue | Villager (Male) |
| 18:35 | Build | Lumber Camp |
| 18:43 | Queue | Villager (Male) |
| 18:55 | Build | Mill |
| 19:05 | Build | House |
| 19:31 | Build | House |
| 19:41 | Build | House |
| 19:42 | Research | Castle Age |
| 20:04 | Queue | Villager (Male) |
| 20:08 | Research | Horse Collar |
| 20:34 | Build | House |
| 20:37 | Build | Farm |
| 20:40 | Build | Farm |
| 20:48 | Research | Forging |
| 21:01 | Build | Stable |
| 21:07 | Research | Bloodlines |
| 21:21 | Build | Palisade Gate |
| 21:25 | Queue | Villager (Male) |
| 21:50 | Research | Scale Barding Armor |
| 22:22 | Age | Castle Age |
| 22:28 | Queue | Knight |
| 22:28 | Queue | Knight |
| 22:35 | Queue | Villager (Male) |
| 22:39 | Build | Market |
| 22:42 | Queue | Knight |
| 22:43 | Queue | Knight |
| 22:46 | Build | Monastery |
| 22:53 | Queue | Villager (Male) |
| 22:56 | Build | House |
| 22:57 | Build | Farm |
| 23:03 | Queue | Knight |
| 23:03 | Queue | Knight |
| 23:14 | Queue | Villager (Male) |
| 23:35 | Build | Town Center |
| 23:39 | Queue | Monk |
| 23:39 | Queue | Monk |
Match timeline
| 5:13 | Don Vito · first_building Barracks |
| 6:53 | NOC | Mati · first_building Barracks |
| 7:49 | NOC | Mati · wall_segment Palisade Wall x1 |
| 7:49 | NOC | Mati · wall_segment Palisade Wall x1 |
| 7:51 | NOC | Mati · wall_segment Palisade Wall x1 |
| 7:51 | NOC | Mati · wall_segment Palisade Wall x1 |
| 7:55 | NOC | Mati · wall_segment Palisade Wall x1 |
| 7:56 | NOC | Mati · wall_segment Palisade Wall x1 |
| 8:00 | NOC | Mati · wall_segment Palisade Wall x2 |
| 8:51 | NOC | Mati · age_up feudal |
| 8:54 | NOC | Mati · first_building Archery Range |
| 8:54 | Don Vito · age_up feudal |
| 11:33 | Don Vito · first_building Archery Range |
| 11:41 | NOC | Mati · wall_segment Palisade Wall x1 |
| 13:06 | Don Vito · first_building Stable |
| 13:07 | NOC | Mati · first_building Stable |
| 15:05 | NOC | Mati · wall_segment Palisade Wall x4 |
| 22:22 | NOC | Mati · age_up castle |
| 22:46 | NOC | Mati · first_building Monastery |
| 23:18 | Don Vito · wall_segment Palisade Wall x1 |
| 23:19 | Don Vito · age_up castle |
| 23:34 | NOC | Mati · first_market_buy 100 stone |
| 23:35 | Don Vito · wall_segment Palisade Wall x1 |
| 23:36 | Don Vito · wall_segment Palisade Wall x1 |
| 25:05 | Don Vito · wall_segment Palisade Wall x1 |
| 25:06 | Don Vito · wall_segment Palisade Wall x1 |
| 27:09 | Don Vito · wall_segment Palisade Wall x1 |
| 30:19 | NOC | Mati · first_market_sell 100 wood |
| 31:40 | Don Vito · wall_segment Palisade Wall x1 |
| 31:44 | Don Vito · wall_segment Palisade Wall x1 |
| 33:21 | Don Vito · first_building Krepost |
| 35:06 | Don Vito · wall_segment Palisade Wall x1 |
| 37:00 | Don Vito · first_building Siege Workshop |
| 38:03 | NOC | Mati · first_building Castle |
| 40:33 | NOC | Mati · age_up imperial |
| 41:17 | Don Vito · first_market_sell 500 wood |
| 42:23 | Don Vito · first_market_buy 100 stone |
| 45:01 | Don Vito · age_up imperial |
| 53:09 | Don Vito · first_building Monastery |
| 53:34 | Don Vito · first_building Castle |
| 57:35 | Don Vito · wall_segment Palisade Wall x1 |
| 59:44 | NOC | Mati · wall_segment Stone Wall x9 |
| 62:32 | NOC | Mati · first_building Siege Workshop |
| 69:04 | NOC | Mati · wall_segment Stone Wall x5 |
| 73:26 | Don Vito · wall_segment Palisade Wall x1 |
| 74:39 | NOC | Mati · wall_segment Stone Wall x10 |
| 82:20 | NOC | Mati · wall_segment Stone Wall x7 |
| 82:24 | Don Vito · resign |
[ AI ANALYSIS · 1 CREDIT ]
What really happened in this match?
Wolo.gg analyzes every decision: build order, eco, micro, common mistakes by bracket. Personalized analysis on WhatsApp or Discord in 30 seconds.
Civ guide
Bulgarians
Perfil
Kasva (Don Vito)